 Dungeon Sprint DCSS version 0.31-a0-716-gc7603755dd (webtiles) character file.

Game seed: 1408505940239319335

114 rocky1 the Slasher (level 5, -1/45 HPs)
             Began as a Djinni Gladiator on Sept 11, 2023.
             Slain by a shadow (33 damage)
             ... in the Dungeon (Sprint III: "The Ten Rune Challenge").
             The game lasted 00:01:00 (607 turns).

rocky1 the Slasher (Djinni Gladiator)                Turns: 607, Time: 00:01:00

Health: -1/45      AC:  4    Str: 13    XL:     5   Next: 19%
Gold:   33         EV: 13    Int:  9    God:
                   SH:  0    Dex: 17

rFire   + + .        a - +0 long sword
rCold   x . .        (no shield)
rNeg    . . .        b - +0 leather armour
rPois   ∞            c - +0 helmet
rElec   .            (no cloak)
rCorr   .            (no gloves)
SInv    .            (boots unavailable)
Will    .....        (no amulet)
Stlth   +            (no ring)
HPRegen 0.27/turn    (no ring)
MPRegen 0.00/turn

%: no teleportation, infuse magic (-2 HP)
@: flying
A: sickness immunity, fire resistance 2, cold vulnerability 1, float, innate
caster, HP casting, extra vitality 1
a: no special abilities


You were in the Dungeon.
You visited 1 branch You collected 33 gold pieces.

Inventory:

Hand Weapons
 a - a +0 long sword (weapon)
Missiles
 d - 3 throwing nets (quivered)
 e - a javelin
Armour
 b - a +0 leather armour (worn)
 c - a +0 helmet (worn)
Scrolls
 j - a scroll of blinking
 l - a scroll of immolation {unknown}
 m - 2 scrolls of identify {unknown}
 o - a scroll of poison {unknown}
Potions
 f - 2 potions of curing
 g - a potion of heal wounds
 h - a potion of haste
 k - 8 potions of mutation
 n - 2 potions of enlightenment
 p - a potion of lignification {unknown}


   Skills:
 + Level 5.7 Fighting
 * Level 7.5 Long Blades
 - Level 1.5 Throwing
 - Level 3.2 Dodging


You knew the following spells:

 Your Spells              Type           Power      Damage    Failure   Level
a - Necrotise             Necr           0%         1d4       45%         1
b - Momentum Strike       Conj/Tloc      0%         3d8       61%         2
Your spell library was empty.

Dungeon Overview and Level Annotations

Branches:
Dungeon (1/1)

Altars:


Innate Abilities, Weirdness & Mutations

You are immune to sickness and miasma.
You are immune to poison.
Your flesh is very heat resistant. (rF++)
You are vulnerable to cold. (rC-)
You float through the air rather than walking.
You learn spells naturally, not from books.
Your magical power is your life essence.
You have superior vitality. (+4 MHP)


Message History

The jelly is severely wounded.
The jelly misses you.
You hit the jelly but do no damage.
Your hands burn!
The jelly is severely wounded.
The jelly hits you.
You are splashed with acid.
You slash the jelly!
You kill the jelly!
Your Long Blades skill increases to level 7!
You have reached level 5!
The power to cast Momentum Strike wells up from within.
Spell assigned to 'b'.
You start resting.
HP restored.
A shadow comes into view.
The shadow slips into darkness.
The shadow flickers and vanishes!
Deactivating autopickup; reactivate with Ctrl-A.
There is an open door here.
No target in view!
You miss something.
The shadow strikes at you from the darkness!
Reactivating autopickup.
The shadow hits you.
You barely miss the shadow. The shadow hits you.
You hit the shadow.
The shadow is lightly damaged.
The shadow hits you.
You closely miss the shadow.
The shadow is lightly damaged.
The shadow hits you!
You barely miss the shadow. The shadow hits you.
You hit the shadow.
The shadow is moderately damaged.
The shadow slips into darkness.
The shadow flickers and vanishes!
Deactivating autopickup; reactivate with Ctrl-A.
You closely miss something.
The shadow strikes at you from the darkness!
Ouch! That really hurt!
You die...

▓ ▓▓▓ ♣ ♣.# ♣ ♣♣.#
♣ ♣..#
♣♣♣♣..###+#+###+##
♣.♣♣..#..........#
~♣....'.⌠........#
~~~♣..#...######'#
÷~....#.⌠.# #.{@#
~.....#...# #...#
......#+### #...#
......# #...+
......# +...#
▓▓▓▓▓▓▓ ▓▓▓▓▓


There were no monsters in sight!

Vanquished Creatures
  A water elemental (D)
  A jelly (D)
  A human (D)
  A phantom (D)
  2 endoplasms (D)
  2 rats (D)
8 creatures vanquished.

Notes
Turn   | Place    | Note
-------+----------+-------------------------------------------
     0 | D        | rocky1 the Djinni Gladiator began the quest for the Orb.
     0 | D        | Reached XP level 1. HP: 18/18 MP: 0/0
     7 | D        | Reached skill level 3 in Long Blades
   205 | D        | Reached skill level 4 in Long Blades
   205 | D        | Reached XP level 2. HP: 24/25 MP: 0/0
   256 | D        | Reached skill level 5 in Long Blades
   256 | D        | Reached XP level 3. HP: 15/31 MP: 0/0
   256 | D        | Learned a level 1 spell: Necrotise
   471 | D        | Noticed a water elemental
   475 | D        | Killed a water elemental
   476 | D        | Reached skill level 5 in Fighting
   476 | D        | Reached skill level 6 in Long Blades
   476 | D        | Reached XP level 4. HP: 39/39 MP: 0/0
   543 | D        | Reached skill level 7 in Long Blades
   543 | D        | Reached XP level 5. HP: 30/45 MP: 0/0
   543 | D        | Learned a level 2 spell: Momentum Strike
   599 | D        | Noticed a shadow
   607 | D        | Slain by a shadow

Illustrated notes

Levels and vault maps discovered:
D:        dungeon_sprint_mu [sprint_mu_entry_forest, sprint_mu_temple_rooms,
          sprint_mu_d1_spiders, sprint_mu_d2_genie, sprint_mu_d3_branching,
          sprint_mu_orc_legion, sprint_mu_elf_gauntlet, sprint_mu_hive_nellie,
          sprint_mu_lair_fedhas, sprint_mu_vaults_butterflies,
          sprint_mu_slime_circle, sprint_mu_swamp_cave, sprint_mu_snake_twists,
          sprint_mu_blade_basic, sprint_mu_crypt_fortress,
          sprint_mu_tomb_spiral, sprint_mu_vestibule_basic,
          sprint_mu_gehenna_hellfire, sprint_mu_dis_giant,
          sprint_mu_tartarus_statrot, sprint_mu_cocytus_islands, sprint_mu_zot1]

Skill      XL: |  1  2  3  4 |
---------------+-------------+-----
Long Blades    | 4 5 6 7 |  7.5
Fighting       | 3 5 |  5.7
Throwing       | |  1.5
Dodging        | |  3.2

Action                     |  1- 3 |  4- 6 || total
---------------------------+-------+-------++-------
  Melee: Long sword        |    37 |    11 ||    48
         Punch             |     3 |       ||     3
    Use: Potion            |     1 |       ||     1
   Stab: Sleeping          |     1 |       ||     1
 Armour: Leather armour    |    11 |     8 ||    19
  Dodge: Dodged            |    15 |     2 ||    17

Table legend: (Time is in decaauts)
 A = Elapsed time spent in this place.
 B = Non-inter-level travel time spent in this place.
 C = Inter-level travel time spent in this place.
 D = Time resting spent in this place.
 E = Time spent auto-exploring this place.
 F = Levels seen in this place.
 G = Mean time per level.
                   A        B        C        D        E       F      G
               +--------+--------+--------+--------+--------+-----+--------+
         Total |    625 |    625 |      0 |    474 |      1 |   1 |  625.0 |
       Dungeon |    625 |    625 |      0 |    474 |      1 |   1 |  625.0 |
               +--------+--------+--------+--------+--------+-----+--------+

Top non-repeatable levels by time:
       D: 625 daAuts
